 Dungeon Crawl Stone Soup version 0.24.0-10-g970556be89 (webtiles) character file.

Game seed: 13895650068491905026, levelgen mode: deterministic

1327697 Marmelada the Conqueror (level 27, 199/199 HPs)
             Began as a Gargoyle Earth Elementalist on Nov 2, 2019.
             Was an Initiate of Gozag.
             Escaped with the Orb
             ... and 3 runes on Nov 3, 2019!
             The game lasted 04:23:40 (123159 turns).

Marmelada the Conqueror (GrEE)                    Turns: 123159, Time: 04:23:40

Health: 199/199    AC: 34    Str: 15    XL:     27
Magic:  49/49      EV: 12    Int: 28    God:    Gozag
Gold:   2025       SH: 40    Dex: 10    Spells: 20/62 levels left

rFire    + . .     SeeInvis +   a - staff of energy
rCold    + . .     Gourm    .   G - +8 large shield
rNeg     + . .     Faith    .   z - +2 robe {MR+}
rPois    ∞         Spirit   .   U - +3 crown of Dyrovepreva {rElec Int+2 SInv}
rElec    +         Reflect  +   P - +2 cloak {MR+}
rCorr    .         Harm     .   E - +2 pair of gloves {archery}
MR       ++++.                  e - +0 pair of boots of a Labyrinth {rC+}
Stlth    +++.......             s - brooch of Shielding {Reflect SH+8}
HPRegen  0.83/turn              v - ring of protection from fire
MPRegen  0.31/turn              R - ring of magical power

@: no status effects
A: big wings, hooves 1, low mp 1, negative energy resistance 1, regeneration 1,
electricity resistance, unbreathing, petrification resistance, rot immunity, AC
+20
0: Orb of Zot
}: 3/15 runes: serpentine, barnacled, silver
a: Fly, Potion Petition, Call Merchant, Bribe Branch, Renounce Religion


You escaped.
You worshipped Gozag.
Gozag was most pleased with you.
You were not hungry.

You visited 11 branches of the dungeon, and saw 53 of its levels.
You also visited: Bailey and Ice Cave.

You collected 35740 gold pieces.
You spent 7781 gold pieces at shops.
You paid 25934 gold pieces to Gozag.

Inventory:

Hand Weapons
 b - a +2 demon trident of pain
 k - the +11 trident of Floods {freeze, *Slow rN+ Int+8 SInv}
   (You found it on level 5 of the Realm of Zot)

   It has been specially enchanted to freeze those struck by it, causing extra
   injury to most foes and up to half again as much damage against particularly
   susceptible opponents.
   It can also slow down cold-blooded creatures.
   It affects your intelligence (+8).
   It protects you from negative energy.
   It lets you see invisible.
   It may slow you when you take damage.
Missiles
 w - 4 throwing nets (quivered)
Armour
 e - the +0 pair of boots of a Labyrinth (worn) {rC+}
   (You found it on level 3 of the Elven Halls)

   It protects you from cold.
 z - a +2 robe of magic resistance (worn)
 E - a +2 pair of gloves of archery (worn)
 G - a +8 large shield (worn)
 P - a +2 cloak of magic resistance (worn)
 U - the +3 crown of Dyrovepreva (worn) {rElec Int+2 SInv}
   (You bought it in a shop on level 4 of the Realm of Zot)

   It affects your intelligence (+2).
   It insulates you from electricity.
   It lets you see invisible.
Magical Staves
 a - an uncursed staff of energy (weapon)
Jewellery
 s - the brooch of Shielding (around neck) {Reflect SH+8}
   (You found it on level 9 of the Dungeon)

   [amulet of reflection]

   It shields you and reflects attacks.
   It affects your SH (+8).
 v - a ring of protection from fire (left hand)
 x - an uncursed ring of protection from cold
 L - the ring of Emokhleih {+Fly rPois rC+ Stlth+}
   (You took it off a skeletal warrior on level 3 of the Crypt)

   [ring of protection from cold]

   It protects you from cold.
   It protects you from poison.
   It lets you fly.
   It makes you more stealthy.
 N - an uncursed ring of protection from magic
 R - a ring of magical power (right hand)
Wands
 u - a wand of iceblast (73)
 y - a wand of paralysis (25)
 M - a wand of digging (11)
 Q - a wand of acid (13)
Scrolls
 c - 6 scrolls of holy word
 f - 14 scrolls of remove curse
 h - a scroll of silence
 l - 10 scrolls of blinking
 m - 8 scrolls of fog
 n - 10 scrolls of magic mapping
 o - 9 scrolls of immolation
 p - 13 scrolls of teleportation
 q - 15 scrolls of identify
 r - 3 scrolls of enchant armour
 t - 2 scrolls of brand weapon
 K - 8 scrolls of fear
 V - 3 scrolls of summoning
 X - 5 scrolls of vulnerability
 Y - 3 scrolls of enchant weapon
Potions
 g - 5 potions of cancellation
 i - 4 potions of resistance
 j - 8 potions of haste
 A - 4 potions of magic
 D - 4 potions of heal wounds
 F - a potion of agility
 I - 7 potions of mutation
 J - 8 potions of might
 O - 21 potions of curing
 T - 2 potions of invisibility
 Z - 3 potions of brilliance
Miscellaneous
 B - a lamp of fire
 H - a lightning rod (4/4)
 S - 5 phantom mirrors
Comestibles
 d - 7 rations


   Skills:
 O Level 27 Fighting
 - Level 1.5 Dodging
 + Level 20.5 Stealth
 - Level 25.0 Shields
 - Level 18.0 Spellcasting
 - Level 18.0 Conjurations
 - Level 5.0 Hexes
 - Level 10.0 Summonings
 - Level 5.0 Necromancy
 - Level 0.7 Transmutations
 - Level 12.0 Earth Magic


You had 20 spell levels left.
You knew the following spells:

 Your Spells              Type           Power        Failure   Level  Hunger
a - Iron Shot             Conj/Erth      #######...   1%          6    None
b - Borgnjor's Vile Clut  Necr/Erth      ######....   1%          5    None
c - Orb of Destruction    Conj           #######...   1%          7    None
d - Spellforged Servitor  Conj/Summ      #######...   4%          7    None
e - Lee's Rapid Deconstr  Erth           #######...   1%          5    None
f - Blink                 Tloc           N/A          2%          2    None
g - Regeneration          Chrm/Necr      #####.....   1%          3    None
h - Summon Mana Viper     Hex/Summ       ######..     2%          5    None
j - Passwall              Tmut/Erth      ######..     1%          2    None

Your spell library contained the following spells:

 Spells                   Type           Power        Failure   Level  Hunger
 Magic Dart               Conj           ####         0%          1    None
 Sandblast                Erth           ######       0%          1    None
 Searing Ray              Conj           ######       0%          2    None
 Stone Arrow              Conj/Erth      ######       0%          3    None
 Iskenderun's Mystic Bla  Conj           #######.     0%          4    None
 Animate Skeleton         Necr           N/A          1%          1    None
 Apportation              Tloc           ####..       1%          1    None
 Beastly Appendage        Tmut           ####..       1%          1    None
 Confusing Touch          Hex            ######       1%          1    None
 Flame Tongue             Conj/Fire      #####        1%          1    None
 Freeze                   Ice            ####         1%          1    None
 Infusion                 Chrm           ####         1%          1    None
 Shock                    Conj/Air       ####         1%          1    None
 Summon Butterflies       Summ           ######..     1%          1    None
 Summon Small Mammal      Summ           ####         1%          1    None
 Call Imp                 Summ           ######..     1%          2    None
 Corpse Rot               Necr           N/A          1%          2    None
 Slow                     Hex            ######..     1%          2    None
 Sticks to Snakes         Tmut           ####....     1%          2    None
 Throw Flame              Conj/Fire      ######       1%          2    None
 Throw Frost              Conj/Ice       ######       1%          2    None
 Call Canine Familiar     Summ           ######..     1%          3    None
 Confuse                  Hex            ######..     1%          3    None
 Conjure Flame            Conj/Fire      ######..     1%          3    None
 Dazzling Spray           Conj/Hex       ######       1%          3    None
 Inner Flame              Hex/Fire       #####...     1%          3    None
 Mephitic Cloud           Conj/Pois/Air  ######..     1%          3    None
 Recall                   Summ/Tloc      N/A          1%          3    None
 Spectral Weapon          Hex/Chrm       #####...     1%          3    None
 Static Discharge         Conj/Air       ######..     1%          3    None
 Summon Guardian Golem    Hex/Summ       ######..     1%          3    None
 Tukima's Dance           Hex            ######..     1%          3    None
 Force Lance              Conj/Tloc      ######..     1%          4    None
 Fulminant Prism          Conj/Hex       ######....   1%          4    None
 Leda's Liquefaction      Hex/Erth       ######....   1%          4    None
 Petrify                  Tmut/Erth      ######..     1%          4    None
 Sticky Flame             Conj/Fire      ######..     1%          4    None
 Throw Icicle             Conj/Ice       ######..     1%          4    None
 Aura of Abjuration       Summ           ######....   1%          5    None
 Bolt of Draining         Conj/Necr      ######....   1%          5    None
 Bolt of Magma            Conj/Fire/Erth ######....   1%          5    None
 Fireball                 Conj/Fire      ######....   1%          5    None
 Irradiate                Conj/Tmut      ######....   1%          5    None
 Iskenderun's Battlesphe  Conj/Chrm      ######..     1%          5    None
 Lightning Bolt           Conj/Air       ######....   1%          5    None
 Summon Demon             Summ           ######....   1%          5    None
 Venom Bolt               Conj/Pois      ######....   1%          5    None
 Poisonous Vapours        Pois/Air       ####..       2%          2    None
 Shroud of Golubria       Chrm/Tloc      ####..       2%          2    None
 Song of Slaying          Chrm           ####....     2%          2    None
 Swiftness                Chrm/Air       ####....     2%          2    None
 Animate Dead             Necr           N/A          2%          4    None
 Summon Ice Beast         Ice/Summ       ######..     2%          4    None
 Summon Lightning Spire   Summ/Air       ######..     2%          4    None
 Spider Form              Tmut/Pois      ####......   4%          3    None
 Shadow Creatures         Summ           N/A          4%          6    None
 Gell's Gravitas          Tloc           ####......   5%          3    None
 Lesser Beckoning         Tloc           ####......   5%          3    None
 Ozocubu's Armour         Chrm/Ice       ####....     5%          3    None
 Agony                    Necr           ######..     6%          5    None
 Dispel Undead            Necr           ######..     6%          5    None
 Summon Forest            Summ/Tloc      ######....   6%          5    None
 Ice Form                 Ice/Tmut       ####....     16%         4    None
 Yara's Violent Unravell  Hex/Tmut       #####.....   16%         5    None
 Airstrike                Air            ####......   17%         4    None
 Excruciating Wounds      Chrm/Necr      #####.....   17%         5    None
 Metabolic Englaciation   Hex/Ice        #####.....   17%         5    None
 Silence                  Hex/Air        #####.....   17%         5    None
 Freezing Cloud           Conj/Ice/Air   ######....   22%         6    None
 Monstrous Menagerie      Summ           ######....   24%         7    None
 Summon Greater Demon     Summ           ######....   24%         7    None
 Summon Hydra             Summ           ######....   24%         7    None
 Death Channel            Necr           ######....   34%         6    None
 Invisibility             Hex            ######..     34%         6    None
 Blade Hands              Tmut           ####......   36%         5    None
 Alistair's Intoxication  Tmut/Pois      ####....     38%         5    None
 Simulacrum               Ice/Necr       #####.....   67%         6    None
 Malign Gateway           Summ/Tloc      ######....   88%         7    None
 Summon Horrible Things   Summ           ######....   88%         8    None
 Hydra Form               Tmut           ####......   90%         6    None
 Dragon Form              Tmut           ####......   100%        7    None
 Ring of Flames           Chrm/Fire      ####......   100%        7    None
 Ignition                 Fire           ####......   100%        8    None
 Shatter                  Erth           #######...   100%        9    None
 Sublimation of Blood     Necr           Unusable     N/A         2    N/A
 Statue Form              Tmut/Erth      Unusable     N/A         6    N/A

Dungeon Overview and Level Annotations

Branches:
Dungeon (15/15)            Temple (1/1) D:6            Lair (6/6) D:8
 Shoals (4/4) Lair:3        Snake (4/4) Lair:3        Slime (0/5) Lair:6
    Orc (2/2) D:11            Elf (3/3) Orc:2        Vaults (5/5) D:14
  Crypt (3/3) Vaults:2       Tomb (0/3) Crypt:3      Depths (5/5) D:15
    Zot (5/5) Depths:5     Bailey (visited)           IceCv (visited)

Altars:
Ashenzari
Cheibriados
Dithmenos
Elyvilon
Fedhas
Gozag
Hepliaklqana
Kikubaaqudgha
Makhleb
Nemelex Xobeh
Okawaru
Qazlal
Ru
Sif Muna
Trog
Uskayaw
Vehumet
Wu Jian
Xom
Yredelemnul
Zin
The Shining One

Shops:
D:4 %   D:5 *   D:12 *   Orc:1 :   Orc:2 ?:[   Elf:2 =   Elf:3 :   Shoals:2 *
Shoals:4 %   Snake:4 [   Vaults:2 }   Vaults:4 ?[}   Zot:4 (=[   Zot:5 (=[

Portals:
Hell: Depths:1* Depths:2 Depths:3 Depths:4 Depths:5
Abyss: Depths:1 Depths:2 Depths:4 Depths:5
Pandemonium: Orc:2 Depths:1 Depths:3 Depths:4
Ziggurat: Depths:5

Annotations:
D:4 3 runed translucent doors, Sar's ghost, novice OpHu
D:7 2 transporters, Emblim88's ghost, novice CeHu
D:8 exclusion: downstairs
D:12 4 runed translucent doors
Lair:4 exclusion: oklob plant
Shoals:1 exclusion: kraken
Elf:2 5 runed translucent doors
Depths:5 3 runed translucent doors, Polaczum's ghost, adept TrMo
Zot:1 1 runed translucent door, Cyqimiab's ghost, legendary MfGl
Zot:4 1 exclusion


Innate Abilities, Weirdness & Mutations

You are resistant to torment.
Your stone body is resilient. (AC +20)
You are immune to poison.
Your large and strong wings let you fly indefinitely.
You resist negative energy. (rN+)
You are resistant to electric shocks. (rElec)
You can survive without breathing.
You are immune to petrification.
You are immune to rotting.
You have large cloven feet.
Your magical capacity is low. (-10% MP)
Your natural rate of healing is unusually fast.


Message History

You climb upwards.
There is a stone staircase leading down here.
(D) Dungeon (T) Temple (L) Lair (A) Shoals (P) Snake Pit (M) Slime Pits (O) Orcish Mines (E) Elven Halls (V) Vaults (C) Crypt (W) Tomb (U) Depths (H) Hell (Z) Zot
Where to? (Enter - D:1 @ (x,y), ? - help)
What level of the Dungeon? (default 1, ? - help)
You see here 16 arrows.
There is an open door here.
You see here a +0 club.
There is a staircase leading out of the dungeon here.
Magic courses through your body.
Okay, then.
You eat one of the 8 rations.
That ration really hit the spot!
Save game and exit?
Welcome back, Marmelada the Gargoyle Earth Elementalist.
Gozag says: Greed is good.
Press ? for a list of commands and other information.
You have escaped!

.....# ####.'....###...........
.....#####..###....####.....#....
##.#...##)....#'####.....######..
#.###.##.#)......##..#### ##.
#.###...)#'##.....#..# #####
#.##.....#..####.....# ###..##
#.#......#..####)#...#####..>...
#........#..##...##..##....#####
#........#..##.@.##..#..#### #
##.......##########....## #
##....................## #
##................###### #
#.................### ##########
#.#.................####........#
..#.......#....>#....##.........#
###.##...#####..###..##..........
#.......#####..####.....######...


There were no monsters in sight!

Vanquished Creatures
  2 ancient liches (Vaults:5)
  Mennas (Crypt:1)
  A greater mummy (Depths:4)
  A caustic shrike (Depths:2)
  Saint Roka (Orc:1)
  Nikola (Elf:2)
  A golden dragon (Zot:5)
  the Enchantress (Depths:4)
  Jory (Depths:4)
  A bone dragon (Crypt:3)
  2 electric golems
  5 tentacled monstrosities
  Rupert (Orc:1)
  3 liches
  A Hell Sentinel (Depths:5)
  Jorgrun (D:14)
  5 Orb Guardians
  Asterion (Elf:1)
  A deep elf master archer (Elf:3)
  5 titans
  5 quicksilver dragons
  5 deep elf blademasters (Elf:3)
  An ancient champion (Crypt:2)
  4 sphinxes
  3 krakens
  A death cob (Zot:2)
  7 shadow dragons
  7 tengu reavers
  A draconian monk (Depths:5)
  9 storm dragons
  Ilsuiw (Shoals:3)
  3 revenants
  11 nagarajas
  7 deep elf sorcerers
  Aizul (Vaults:1)
  13 frost giants
  An iron dragon (Depths:4)
  A draconian scorcher (Depths:5)
  11 vault wardens
  9 fire giants
  An orc warlord (Orc:2)
  A ghost moth (Zot:5)
  2 balrugs
  16 ironheart preservers
  A juggernaut zombie (Depths:4)
  A caustic shrike zombie (Depths:4)
  A curse skull (Crypt:3)
  8 stone giants
  3 spriggan defenders
  3 deep elf elementalists (Elf:3)
  5 war gargoyles
  20 very ugly things
  A draconian shifter (Zot:5)
  A draconian annihilator (Zot:4)
  2 ghouls (Crypt:1)
  A reaper (Depths:3)
  Nessos (Orc:2)
  3 green draconians
  An entropy weaver (Vaults:4)
  6 vampire knights
  3 black draconians
  8 deep elf demonologists
  6 deep elf annihilators
  2 purple draconians
  5 spark wasps
  7 merfolk javelineers
  5 white draconians
  A red draconian (Zot:1)
  A dire elephant (shapeshifter) (Depths:5)
  An eidolon (Crypt:1)
  7 deep elf death magi
  11 ettins
  A crystal guardian (Vaults:3)
  3 merfolk impalers
  Josephine (D:14)
  A quicksilver dragon zombie (Crypt:2)
  5 jiangshi
  8 yaktaur captains
  12 fire dragons
  8 deep elf high priests
  10 hydras
  9 great orbs of eyes
  21 vault guards
  8 rakshasas
  Harold (D:9)
  2 hell beasts
  3 ice dragons
  14 naga warriors
  5 merfolk avatars
  A monstrous demonspawn (Depths:3)
  14 anacondas
  4 centaur warriors
  9 spriggan air magi
  2 alligator snapping turtles
  7 merfolk aquamancers
  38 two-headed ogres
  3 death knights
  A satyr (Shoals:4)
  6 death yaks
  11 shock serpents
  11 deep troll shamans
  11 ogre magi
  A hell hog (Depths:2)
  6 vampire magi
  12 tengu warriors
  6 deep troll earth magi
  Urug (D:10)
  5 orc high priests
  4 naga sharpshooters
  4 hell knights (Depths:5)
  10 spriggan berserkers
  2 sun demons (Depths:3)
  21 deep elf knights
  6 soul eaters
  A sixfirhy (Depths:4)
  32 skeletal warriors
  2 storm dragon zombies (Crypt:3)
  4 iron trolls
  13 sea snakes
  An unseen horror (Vaults:1)
  4 golden dragon zombies (Depths:4)
  3 salamander mystics
  A spark wasp zombie (Depths:4)
  21 deep trolls
  2 torturous demonspawn
  4 glowing orange brains
  2 infernal demonspawn (Orc:2)
  A shadow demon (Depths:4)
  A death drake (shapeshifter) (Depths:4)
  An anaconda zombie (Crypt:2)
  A ghost moth zombie (Crypt:3)
  3 naga ritualists
  A gelid demonspawn (Orc:2)
  3 wizards
  A flayed ghost (Vaults:3)
  12 harpies
  11 deep elf archers
  4 phantasmal warriors
  22 ironbrand convokers
  A glowing orange brain (shapeshifter) (D:14)
  2 tengu zombies (Vaults:2)
  12 orc sorcerers
  A shadow dragon zombie (Crypt:3)
  8 necromancers
  23 orc knights
  52 deep elf magi
  28 ugly things
  A sphinx zombie (Depths:4)
  A shining eye (shapeshifter) (Vaults:5)
  8 salamanders
  4 mana vipers
  A fire giant zombie (Depths:4)
  A stone giant zombie (Crypt:2)
  11 cyclopes
  19 manticores
  6 elephants
  An iron dragon skeleton (Crypt:3)
  2 fauns (Shoals:2)
  6 wolf spiders
  A stone giant skeleton (Vaults:5)
  3 frost giant zombies
  A sphinx skeleton (Crypt:2)
  8 moths of wrath
  A moth of wrath (shapeshifter) (Vaults:5)
  8 rust devils
  25 black mambas
  12 human skeletons
  7 merfolk sirens
  4 centaur zombies
  15 vault sentinels
  7 guardian serpents
  3 ice statues
  14 naga magi
  2 torpor snails (Lair:6)
  6 gargoyles
  An apocalypse crab (Zot:4)
  4 fire giant skeletons (Crypt:3)
  An orange demon (Orc:2)
  A storm dragon simulacrum (Vaults:3)
  7 water nymphs
  14 spiny frogs
  Psyche (D:12)
  A hellion (D:3)
  3 efreet
  A kobold demonologist (D:12)
  9 freezing wraiths
  6 rime drakes
  2 ice devils
  29 yaktaurs
  11 komodo dragons
  A grey draconian skeleton (Crypt:1)
  An iron troll zombie (Crypt:2)
  2 hellwings
  A pale draconian skeleton (Crypt:1)
  A jumping spider (shapeshifter) (Elf:3)
  11 trolls
  18 polar bears
  24 merfolk
  5 wind drakes
  3 guardian mummies (Depths:4)
  A polar bear (shapeshifter) (Depths:3)
  5 tengu conjurers
  A bog body (Crypt:1)
  6 red devils
  24 slime creatures
  A white draconian skeleton (Crypt:1)
  15 hornets
  21 blink frogs
  9 dream sheep
  8 snapping turtles
  2 ettin zombies
  3 ice dragon zombies
  13 hippogriffs
  4 fire dragon skeletons (Crypt:3)
  An ettin skeleton (Vaults:3)
  A centaur simulacrum (D:14)
  3 redbacks (Vaults:4)
  13 water elementals
  A flying skull (Depths:3)
  A spriggan (shapeshifter) (Depths:2)
  6 spriggans
  6 wraiths
  7 shadows
  A ynoxinul (Orc:2)
  A redback (shapeshifter) (Vaults:4)
  8 vampires
  2 air elementals
  45 yaks
  A basilisk (shapeshifter) (Vaults:4)
  18 humans (D:14)
  2 wyverns (Lair:6)
  2 elf zombies (Depths:4)
  An elf skeleton (Vaults:1)
  4 fire elementals
  5 vampire mosquitoes (D:15)
  6 basilisks
  4 hungry ghosts
  2 neqoxecs
  2 chaos spawn
  A gelid demonspawn zombie (Crypt:2)
  47 nagas
  7 wargs
  3 acid dragons (Vaults:1)
  A water nymph zombie (Crypt:1)
  A deep troll zombie (Vaults:1)
  A monstrous demonspawn skeleton (Crypt:1)
  A floating eye (Depths:5)
  3 hell hounds (Depths:3)
  2 porcupines (shapeshifter)
  An ice beast (shapeshifter) (Depths:1)
  3 porcupines
  19 water moccasins
  A faun skeleton (Crypt:2)
  59 orc warriors
  A water nymph skeleton (Crypt:1)
  2 sky beasts (shapeshifter)
  An orc zombie (Vaults:1)
  16 ice beasts
  4 sky beasts
  A snapping turtle zombie (Crypt:3)
  2 black bears
  3 phantoms
  2 ettin simulacra
  57 wolves
  13 boggarts
  An eye of draining (D:8)
  46 ogres
  A centaur (shapeshifter) (Vaults:3)
  11 centaurs
  2 snapping turtle skeletons (Crypt:2)
  18 crocodiles
  2 big kobolds
  21 bullfrogs
  A gnoll sergeant (D:13)
  A deep troll simulacrum (Vaults:2)
  4 earth elementals
  5 scorpions
  A wyvern skeleton (D:6)
  13 killer bees
  An elf simulacrum (Vaults:1)
  3 howler monkeys (D:12)
  20 wights
  2 electric eels (Snake:4)
  6 crimson imps
  A bullfrog zombie (D:7)
  A human simulacrum (Vaults:2)
  2 quasits
  2 iron imps (Depths:1)
  A black bear zombie (Crypt:1)
  7 centaur skeletons
  41 orc priests
  3 bullfrog skeletons
  9 hounds
  5 jellies
  28 orc wizards
  2 iguanas
  Ijyb (D:3)
  11 worker ants
  A statue (D:7)
  3 hound skeletons
  7 mummies (Depths:4)
  A worker ant zombie (D:6)
  14 adders
  14 gnolls
  4 shadow imps
  2 white imps (Depths:1)
  3 oozes
  2 adder skeletons
  A worm (D:2)
  A dart slug (D:5)
  4 leopard geckos
  134 orcs
  3 ball pythons
  6 giant cockroaches
  9 goblins
  10 hobgoblins
  A jackal (D:2)
  2 quokkas
  4 bats
  3 frilled lizards
  A giant cockroach zombie (D:6)
  A jackal skeleton (D:5)
  34 kobolds
  An orc skeleton (Crypt:1)
  A quokka skeleton (D:5)
  10 rats
  2 plants
  3 tentacles
2257 creatures vanquished.

Vanquished Creatures (collateral kills)
  An orb of fire (Zot:5)
  5 ancient liches
  3 curse toes
  2 golden dragons
  A bone dragon (Depths:5)
  2 electric golems
  A lich (Crypt:3)
  4 tentacled monstrosities
  19 Orb Guardians (Zot:5)
  A titan (Vaults:5)
  7 quicksilver dragons
  2 death cobs (Zot:5)
  Agnes (D:15)
  2 sphinxes
  3 draconian monks
  6 storm dragons
  2 shadow dragons (Vaults:5)
  An azure jelly (Zot:5)
  2 orc warlords
  4 frost giants
  2 iron dragons (Vaults:5)
  3 fire giants
  2 draconian scorchers
  A draconian stormcaller (Zot:5)
  A deep elf sorcerer (Vaults:5)
  A ghoul (Vaults:5)
  2 vault wardens
  3 ghost moths
  3 draconian annihilators
  A draconian shifter (Zot:5)
  2 war gargoyles (Vaults:5)
  An ironheart preserver (Vaults:3)
  A reaper (Zot:5)
  7 very ugly things (Vaults:5)
  A green draconian (Zot:5)
  An entropy weaver (Vaults:4)
  5 red draconians
  A deep elf demonologist (Depths:3)
  6 white draconians
  A black draconian (Zot:5)
  A spark wasp (Depths:3)
  2 deep elf death magi
  2 jiangshi (Crypt:2)
  3 deep elf high priests
  A fire dragon (Depths:1)
  An ettin (Depths:4)
  An ice dragon (Depths:2)
  A merfolk impaler (Shoals:4)
  A blizzard demon (Depths:3)
  2 great orbs of eyes
  3 yaktaur captains
  12 vault guards
  2 merfolk avatars (Shoals:4)
  3 merfolk aquamancers (Shoals:4)
  9 two-headed ogres
  An alligator snapping turtle (Shoals:1)
  An alligator snapping turtle (shapeshifter) (Vaults:2)
  2 vampire magi
  4 tengu warriors (Depths:3)
  A death knight (Vaults:4)
  7 ogre magi
  2 deep troll earth magi
  An orc high priest (Vaults:4)
  A sun demon (Depths:3)
  2 spriggans (Depths:3)
  A deep elf knight (Elf:1)
  An iron troll (Depths:5)
  A storm dragon zombie (Crypt:3)
  2 soul eaters (Depths:3)
  An iron troll (shapeshifter) (Vaults:5)
  5 skeletal warriors
  2 shadow wraiths (Vaults:4)
  A titan skeleton (Crypt:3)
  2 quicksilver dragon simulacra (Depths:3)
  A sea snake (Snake:4)
  3 deep trolls
  A glowing orange brain (Depths:1)
  A phantasmal warrior (Crypt:2)
  2 wizards
  11 orc knights
  A tengu skeleton (Vaults:5)
  A wolf spider (Vaults:5)
  4 ugly things (Depths:2)
  2 salamanders (Depths:1)
  4 fire giant skeletons (Crypt:3)
  8 moths of wrath
  3 rust devils (Depths:3)
  An apocalypse crab (Zot:4)
  A naga mage (Snake:4)
  A shock serpent zombie (Crypt:3)
  4 vault sentinels
  A guardian serpent (shapeshifter) (Vaults:5)
  An ice devil (Depths:3)
  6 yaktaurs
  A human skeleton (Vaults:5)
  3 merfolk (Shoals:4)
  A polar bear (IceCv)
  2 wind drakes (Shoals:4)
  3 hornets
  A red devil (Depths:3)
  14 slime creatures
  A raiju (shapeshifter) (Vaults:5)
  An ice dragon zombie (Crypt:3)
  A redback (Vaults:4)
  A flying skull (Depths:3)
  3 wraiths
  4 shadows (Crypt:3)
  4 fire dragon skeletons (Crypt:3)
  A vampire (Crypt:3)
  A yak (shapeshifter) (Depths:3)
  A yak (IceCv)
  2 hungry ghosts (Crypt:3)
  A gelid demonspawn skeleton (Crypt:2)
  2 orc warriors (Vaults:4)
  An elf simulacrum (Depths:2)
  10 ogres
  A centaur (Vaults:3)
  A hog zombie (Crypt:1)
  A wolf (IceCv)
  A centaur skeleton (Crypt:2)
  3 orc priests
  A white imp (Depths:1)
  2 orcs
  A leopard gecko skeleton (Crypt:2)
323 creatures vanquished.

Vanquished Creatures (others)
  An orb of fire (Zot:5)
  2 ancient liches (Zot:5)
  Sojobo (Vaults:5)
  A Killer Klown (Zot:5)
  9 tentacled monstrosities
  3 deep elf master archers (Elf:3)
  2 titans (Vaults:5)
  4 Orb Guardians (Zot:5)
  2 shadow dragons (Zot:2)
  2 death cobs
  A storm dragon (Zot:1)
  A draconian knight (Zot:3)
  4 draconian scorchers
  A draconian shifter (Zot:5)
  3 draconian annihilators
  4 stone giants
  An ironheart preserver (Vaults:2)
  6 black draconians
  7 green draconians
  6 yellow draconians
  4 white draconians
  3 red draconians
  3 purple draconians (Zot:1)
  A deep elf death mage (Vaults:5)
  2 ettins (Vaults:5)
  6 yaktaur captains
  A vault guard (Vaults:5)
  A naga warrior (Snake:1)
  A centaur warrior (Depths:1)
  15 dancing weapons
  A naga sharpshooter (Snake:2)
  A gelid demonspawn (Zot:1)
  A deep troll (Depths:1)
  4 deep elf archers
  An ironbrand convoker (Vaults:5)
  A phantasmal warrior (Vaults:5)
  A necromancer (Vaults:5)
  A faun (Shoals:2)
  8 deep elf magi
  4 cyclopes
  8 moths of wrath
  A salamander (Snake:3)
  An elephant (Lair:5)
  A manticore (D:15)
  A black mamba (Snake:4)
  12 yaktaurs
  An air elemental (Elf:1)
  A ynoxinul (Zot:2)
  3 yaks
  A vampire mosquito (D:15)
  3 ettin simulacra (Depths:3)
  6 centaurs
  20 fungi
  30 plants
  23 tentacles
  12 withered plants (Crypt:3)
245 creatures vanquished.

Grand Total: 2825 creatures vanquished

Notes
Turn   | Place    | Note
-------+----------+-------------------------------------------
     0 | D:1      | Marmelada the Gargoyle Earth Elementalist began the quest
                  | for the Orb.
     0 | D:1      | Reached XP level 1. HP: 10/10 MP: 3/3
   114 | D:1      | Reached XP level 2. HP: 14/16 MP: 0/5
   334 | D:1      | Reached skill level 1 in Fighting
   602 | D:2      | Reached XP level 3. HP: 20/20 MP: 3/6
   654 | D:2      | Learned a level 2 spell: Passwall
   658 | D:2      | Learned a level 3 spell: Stone Arrow
  1005 | D:2      | Reached XP level 4. HP: 26/26 MP: 3/7
  1036 | D:2      | Reached skill level 1 in Conjurations
  1311 | D:2      | Found a shadowy altar of Dithmenos.
  1366 | D:2      | Found a sacrificial altar of Ru.
  1400 | D:2      | Reached skill level 2 in Fighting
  1412 | D:2      | Became a worshipper of Ru the Awakened
  1575 | D:2      | Reached XP level 5. HP: 30/30 MP: 6/9
  1633 | D:1      | Reached skill level 5 in Earth Magic
  2004 | D:3      | Noticed Ijyb
  2533 | D:3      | Reached XP level 6. HP: 36/36 MP: 3/10
  2610 | D:3      | Killed Ijyb
  2937 | D:3      | Reached skill level 3 in Fighting
  4005 | D:3      | Reached XP level 7. HP: 32/41 MP: 1/12
  4123 | D:4      | Found Dipnirih's Food Shoppe.
  4279 | D:4      | Found an opulent altar of Gozag.
  4332 | D:4      | Found a runed translucent gate.
  4336 | D:4      | Found a runed translucent gate.
  4336 | D:4      | Found a runed translucent gate.
  4338 | D:4      | Noticed Sar's ghost (novice OpHu)
  5016 | D:4      | Reached skill level 4 in Fighting
  5517 | D:5      | Entered Level 5 of the Dungeon
  5754 | D:5      | Reached XP level 8. HP: 39/48 MP: 5/14
  5810 | D:5      | Learned a level 4 spell: Petrify
  5816 | D:5      | Learned a level 5 spell: Lee's Rapid Deconstruction
  5839 | D:5      | Found Nufos's Assorted Antiques.
  5852 | D:5      | Bought a transparent mace for 168 gold pieces
  5852 | D:5      | Identified the +8 mace of Honesty {speed, +Inv} (You bought
                  | it in a shop on level 5 of the Dungeon)
  6132 | D:5      | Reached skill level 1 in Shields
  6268 | D:5      | Reached skill level 5 in Fighting
  6454 | D:5      | Found a shattered altar of Ashenzari.
  6454 | D:5      | Found a shimmering altar of Xom.
  6456 | D:5      | Found a snail-covered altar of Cheibriados.
  6571 | D:6      | Found a staircase to the Ecumenical Temple.
  6616 | Temple   | Entered the Ecumenical Temple
  6736 | Temple   | Reached skill level 5 in Conjurations
  6844 | Temple   | Reached skill level 5 in Spellcasting
  7041 | D:4      | Fell from the grace of Ru
  7041 | D:4      | Became a worshipper of Gozag Ym Sagoz the Greedy
  7403 | D:6      | Reached XP level 9. HP: 55/55 MP: 12/16
  7454 | D:6      | Found a hide-covered altar of Uskayaw.
  7712 | D:7      | Noticed a troll
  7717 | D:7      | Noticed Emblim88's ghost (novice CeHu)
  7722 | D:7      | Killed a troll
  7722 | D:7      | Reached skill level 6 in Fighting
  7767 | D:7      | Found a flagged portal.
  7776 | Bailey   | Entered a bailey
  8241 | Bailey   | Noticed an orc knight
  8256 | Bailey   | Killed an orc knight
  8618 | Bailey   | Learned a level 2 spell: Blink
  8651 | Bailey   | Got a polished dagger
  8655 | Bailey   | Identified the cursed +3 dagger "Ereef" {protect, +Blink
                  | +Inv rC+} (You found it in a bailey)
  9128 | D:7      | Reached skill level 7 in Fighting
  9128 | D:7      | Reached XP level 10. HP: 63/63 MP: 9/19
  9244 | D:7      | Found a radiant altar of Vehumet.
  9409 | D:7      | Found a transporter.
  9609 | D:7      | Found a transporter.
  9750 | D:5      | Bought a runed hat for 147 gold pieces
  9930 | D:8      | Found Kiun's Food Shop.
 10145 | D:8      | Reached skill level 8 in Fighting
 10630 | D:8      | Noticed a death yak
 10854 | D:8      | Found a staircase to the Lair.
 11350 | D:9      | Noticed Harold
 11565 | D:8      | Reached skill level 9 in Fighting
 11683 | D:8      | Gained mutation: You have large cloven feet. [potion of
                  | mutation]
 11683 | D:8      | Gained mutation: Your magical capacity is low. (-10% MP)
                  | [potion of mutation]
 11683 | D:8      | Gained mutation: Your natural rate of healing is unusually
                  | fast. [potion of mutation]
 11821 | D:8      | Reached XP level 11. HP: 65/71 MP: 5/20
 11975 | D:9      | Found the brooch of Shielding {Reflect SH+8}
 12020 | D:9      | Killed Harold
 12644 | D:10     | Entered Level 10 of the Dungeon
 12650 | D:10     | Reached skill level 10 in Fighting
 12997 | D:10     | Noticed Urug
 13250 | D:10     | Killed Urug
 13646 | D:11     | Found a frozen archway.
 13875 | D:11     | Found a staircase to the Orcish Mines.
 13877 | IceCv    | Entered an ice cave
 13916 | IceCv    | Reached skill level 11 in Fighting
 14404 | IceCv    | Reached skill level 10 in Spellcasting
 15014 | IceCv    | Reached XP level 12. HP: 81/81 MP: 12/23
 15052 | IceCv    | Reached skill level 12 in Fighting
 15517 | IceCv    | Noticed a white draconian
 15529 | IceCv    | Killed a white draconian
 16301 | D:11     | Noticed a tengu warrior
 16302 | D:11     | Noticed a tengu warrior
 16335 | D:9      | Killed a tengu warrior
 16462 | D:8      | Bought a ration for 65 gold pieces
 16462 | D:8      | Bought a ration for 65 gold pieces
 16964 | D:11     | Killed a tengu warrior
 16964 | D:11     | Reached skill level 5 in Shields
 17268 | D:11     | Found a basalt altar of Yredelemnul.
 17401 | D:11     | Noticed a six-headed hydra
 17407 | D:11     | Killed a six-headed hydra
 17407 | D:11     | Reached skill level 13 in Fighting
 17730 | D:12     | Found a large runed translucent door.
 17730 | D:12     | Found a large runed translucent door.
 18014 | D:12     | Noticed a sun demon
 18183 | D:12     | Reached XP level 13. HP: 88/88 MP: 25/25
 18393 | D:12     | Noticed Psyche
 18397 | D:12     | Killed Psyche
 19063 | D:12     | Found a large runed translucent door.
 19063 | D:12     | Found a large runed translucent door.
 19249 | D:12     | Found Qucireh's Assorted Antiques.
 19714 | D:12     | Noticed a rakshasa
 19931 | D:12     | Upgraded the game from 0.24.0-7-gb3623d2c88 to
                  | 0.24.0-10-g970556be89
 20113 | D:11     | Got a warped hunting sling
 20114 | D:11     | Identified the +5 hunting sling of Fragile Peace {freeze,
                  | rC+} (You found it on level 11 of the Dungeon)
 20189 | Lair:1   | Entered Level 1 of the Lair of Beasts
 20571 | Lair:1   | Got a brightly glowing hunting sling
 21821 | Lair:2   | Reached skill level 10 in Shields
 21861 | Lair:2   | Reached skill level 14 in Fighting
 22104 | Lair:2   | Learned a level 3 spell: Regeneration
 23602 | Lair:3   | Gained mutation: Your large and strong wings let you fly
                  | indefinitely. [Gargoyle growth]
 23602 | Lair:3   | Reached XP level 14. HP: 90/96 MP: 11/27
 23763 | Lair:3   | Found a staircase to the Snake Pit.
 24429 | Lair:3   | Found a staircase to the Shoals.
 26342 | Lair:4   | Reached skill level 15 in Fighting
 26484 | Lair:4   | Identified the +4 hunting sling "Jafoodd" {flame, rN++ MP-9
                  | SInv} (You found it on level 1 of the Lair of Beasts)
 26970 | Lair:5   | Found a burning altar of Makhleb.
 29136 | Lair:6   | Entered Level 6 of the Lair of Beasts
 29582 | Lair:6   | Found a staircase to the Slime Pits.
 30150 | Lair:5   | Reached XP level 15. HP: 87/104 MP: 8/27
 31009 | Lair:6   | Reached skill level 15 in Shields
 31184 | Lair:6   | Reached skill level 16 in Fighting
 32186 | Lair:6   | Learned a level 5 spell: Summon Mana Viper
 32519 | Lair:6   | Reached skill level 1 in Hexes
 32519 | Lair:6   | Reached skill level 1 in Summonings
 35396 | D:14     | Noticed Josephine
 35401 | D:14     | Killed Josephine
 35799 | D:14     | Noticed Jorgrun
 36797 | Snake:1  | Entered Level 1 of the Snake Pit
 37603 | Snake:1  | Reached XP level 16. HP: 103/112 MP: 13/29
 37767 | D:8      | Bought a ration for 65 gold pieces
 37767 | D:8      | Bought a ration for 65 gold pieces
 37767 | D:8      | Bought a ration for 65 gold pieces
 37767 | D:8      | Bought a ration for 65 gold pieces
 37767 | D:8      | Bought a ration for 65 gold pieces
 37767 | D:8      | Bought a ration for 65 gold pieces
 37767 | D:8      | Bought a ration for 65 gold pieces
 37936 | Snake:1  | Reached skill level 17 in Fighting
 38334 | Snake:2  | Noticed a nagaraja
 38892 | Snake:2  | Noticed a nagaraja
 38908 | Snake:2  | Killed a nagaraja
 38972 | Snake:2  | Reached skill level 5 in Summonings
 39064 | Snake:2  | Reached skill level 5 in Hexes
 39396 | Snake:2  | Killed a nagaraja
 41285 | Snake:3  | Reached skill level 18 in Fighting
 41551 | Snake:3  | Noticed a nagaraja
 41580 | Snake:3  | Killed a nagaraja
 42208 | Snake:4  | Entered Level 4 of the Snake Pit
 42349 | Snake:4  | Found Osele's Armour Shop.
 42544 | Snake:4  | Reached XP level 17. HP: 111/120 MP: 7/31
 46670 | Snake:4  | Reached skill level 19 in Fighting
 47057 | Snake:4  | Got a serpentine rune of Zot
 47311 | Orc:1    | Entered Level 1 of the Orcish Mines
 47542 | Snake:4  | Bought a +0 cloak of magic resistance for 218 gold pieces
 48730 | Orc:1    | Found Wiaplul's Book Emporium.
 49102 | Orc:2    | Entered Level 2 of the Orcish Mines
 49109 | Orc:2    | Noticed Saint Roka
 49291 | Orc:1    | Killed Saint Roka
 49291 | Orc:1    | Reached skill level 15 in Spellcasting
 50156 | Orc:2    | Found a staircase to the Elven Halls.
 50472 | Orc:2    | Found Ebeq Eci's Food Emporium.
 50846 | Orc:2    | Noticed Rupert
 50882 | Orc:1    | Killed Rupert
 50882 | Orc:1    | Reached XP level 18. HP: 73/128 MP: 1/33
 51386 | Orc:2    | Noticed Nessos
 51418 | Orc:2    | Killed Nessos
 51569 | Orc:2    | Found Yligh's Magic Scroll Shoppe.
 51915 | Orc:2    | Bought a scroll of blinking for 120 gold pieces
 51915 | Orc:2    | Bought a scroll of fear for 56 gold pieces
 52647 | Orc:2    | Bought a ration for 55 gold pieces
 52647 | Orc:2    | Bought a ration for 55 gold pieces
 52647 | Orc:2    | Bought a ration for 55 gold pieces
 52647 | Orc:2    | Bought a ration for 55 gold pieces
 52647 | Orc:2    | Bought a ration for 55 gold pieces
 53302 | Orc:2    | Found Idoi's Book Shop.
 53302 | Orc:2    | Found a one-way gate leading to the halls of Pandemonium.
 53302 | Orc:2    | Found Ewnamuowk's Antique Armour Boutique.
 53311 | Orc:2    | Bought a book of Power for 675 gold pieces
 53385 | Orc:2    | Learned a level 6 spell: Iron Shot
 53389 | Orc:2    | Bought a book of Unlife for 975 gold pieces
 53395 | Orc:2    | Learned a level 5 spell: Borgnjor's Vile Clutch
 53403 | Orc:2    | Learned a level 7 spell: Spellforged Servitor
 53432 | Orc:2    | Bought a scroll of amnesia for 56 gold pieces
 53442 | Orc:2    | Learned a level 7 spell: Orb of Destruction
 53597 | Orc:1    | Bought a manual of Shields for 1656 gold pieces
 53786 | Shoals:1 | Entered Level 1 of the Shoals
 55492 | Shoals:1 | Reached skill level 1 in Necromancy
 56546 | Shoals:2 | Found Paodit's Island Escapes.
 56554 | Shoals:2 | Bought a scroll of teleportation for 45 gold pieces
 56729 | Shoals:2 | Reached skill level 20 in Fighting
 58593 | Shoals:3 | Noticed Ilsuiw
 58735 | Shoals:3 | Killed Ilsuiw
 59937 | Shoals:4 | Entered Level 4 of the Shoals
 60277 | Elf:1    | Entered Level 1 of the Elven Halls
 61012 | Elf:1    | Reached skill level 10 in Earth Magic
 61024 | Elf:1    | Reached XP level 19. HP: 135/135 MP: 10/35
 61738 | Elf:1    | Noticed Asterion
 61757 | Elf:1    | Killed Asterion
 61853 | Orc:2    | Bought a ration for 55 gold pieces
 61853 | Orc:2    | Bought a ration for 55 gold pieces
 61853 | Orc:2    | Bought a ration for 55 gold pieces
 61853 | Orc:2    | Bought a ration for 55 gold pieces
 62297 | Elf:1    | Found an ancient bone altar of Kikubaaqudgha.
 63140 | Elf:2    | Noticed Nikola
 63155 | Elf:2    | Killed Nikola
 63876 | Elf:2    | Found Tugrex's Jewellery Boutique.
 63891 | Elf:2    | Reached skill level 10 in Conjurations
 64049 | Elf:2    | Found a huge runed translucent gate.
 64051 | Elf:2    | Found a huge runed translucent gate.
 64054 | Elf:2    | Found a huge runed translucent gate.
 64055 | Elf:2    | Found a huge runed translucent gate.
 64055 | Elf:2    | Found a huge runed translucent gate.
 64564 | Elf:3    | Entered Level 3 of the Elven Halls
 65242 | Elf:3    | Found Abbekiog's Book Shop.
 65565 | Elf:3    | Reached skill level 5 in Necromancy
 65697 | Elf:3    | Identified the cursed ring "Ydian" {rF+ rC- rN+ AC-6 Dex+3}
 65803 | Elf:3    | Reached XP level 20. HP: 142/142 MP: 36/36
 66639 | Elf:3    | Got a pair of transparent boots
 66645 | Elf:3    | Identified the cursed +0 pair of boots of a Labyrinth {rC+}
                  | (You found it on level 3 of the Elven Halls)
 66670 | Elf:3    | Identified the Incunabulum of Torrid Poisoning
 66797 | Elf:3    | Identified a scroll of acquirement
 66804 | Elf:3    | Got a faintly glowing brass ring
 66831 | Elf:3    | Identified the ring of Butchery {rN+ Dex+3 Stlth-} (You
                  | found it on level 3 of the Elven Halls)
 67748 | D:14     | Found a gate to the Vaults.
 67836 | D:14     | Killed Jorgrun
 68052 | D:15     | Entered Level 15 of the Dungeon
 68594 | D:15     | Found a staircase to the Depths.
 69375 | D:15     | Noticed Agnes
 69385 | D:15     | Killed Agnes
 69512 | D:15     | Found a sparkling altar of Nemelex Xobeh.
 70255 | Vaults:1 | Entered Level 1 of the Vaults
 70376 | Vaults:1 | Reached skill level 21 in Fighting
 70625 | Vaults:1 | Noticed Aizul
 70635 | Vaults:1 | Killed Aizul
 71980 | Vaults:1 | Reached XP level 21. HP: 105/148 MP: 7/37
 74751 | Vaults:2 | Found Safoh's Gadget Shoppe.
 75786 | Vaults:2 | Found a staircase to the Crypt.
 77562 | Vaults:3 | Reached skill level 10 in Summonings
 77633 | Vaults:3 | Reached XP level 22. HP: 156/156 MP: 38/38
 80152 | Vaults:4 | Found Nyton's Antique Armour Shoppe.
 80591 | Vaults:4 | Found Kieweaca's Magic Scroll Boutique.
 80898 | Vaults:4 | Found Kofih's Gadget Boutique.
 81308 | Vaults:4 | Reached skill level 22 in Fighting
 81308 | Vaults:4 | Reached skill level 15 in Conjurations
 82128 | Vaults:4 | Bought a smoking hat for 216 gold pieces
 82128 | Vaults:4 | Identified the +1 hat "Gigyoss" {+Blink +Inv Stlth+} (You
                  | bought it in a shop on level 4 of the Vaults)
 83709 | Shoals:4 | Found Pites's Food Shop.
 84668 | Shoals:4 | Identified the +2 leather armour of Inviolability {rPois
                  | MP+9 Str-4}
 84812 | Shoals:4 | Reached XP level 23. HP: 162/162 MP: 14/40
 85546 | Shoals:4 | Identified the +1 scale mail of Virtue {Str+6 Dex-2}
 86330 | Shoals:4 | Got a barnacled rune of Zot
 86454 | Shoals:4 | Bought a ration for 70 gold pieces
 86454 | Shoals:4 | Bought a ration for 70 gold pieces
 86454 | Shoals:4 | Bought a ration for 70 gold pieces
 87001 | Crypt:1  | Entered Level 1 of the Crypt
 88010 | Crypt:1  | Noticed Mennas
 88028 | Crypt:1  | Killed Mennas
 90765 | Crypt:3  | Entered Level 3 of the Crypt
 93434 | Crypt:3  | Identified the cursed +3 dagger of Valiance {pierce, Str+7
                  | Int+2 Dex-2}
 93434 | Crypt:3  | Identified the ring of Emokhleih {+Fly rPois rC+ Stlth+}
 93829 | Crypt:3  | Found an ancient bone altar of Kikubaaqudgha.
 93978 | Crypt:3  | Noticed an ancient lich
 93989 | Crypt:3  | Killed an ancient lich
 94151 | Crypt:3  | Found a staircase to the Tomb.
 94494 | Crypt:3  | Reached skill level 23 in Fighting
 95154 | Depths:1 | Entered Level 1 of the Depths
 95350 | Depths:1 | Reached XP level 24. HP: 131/171 MP: 8/40
 97357 | Depths:1 | Found a gateway to Hell.
 97736 | Depths:1 | Found a one-way gate to the infinite horrors of the Abyss.
 99352 | Depths:2 | Reached skill level 5 in Stealth
 99831 | Depths:2 | Noticed a caustic shrike
 99837 | Depths:2 | Killed a caustic shrike
100107 | D:8      | Bought a ration for 65 gold pieces
100107 | D:8      | Bought a ration for 65 gold pieces
100107 | D:8      | Bought a ration for 65 gold pieces
101568 | Depths:3 | Found a burning altar of Makhleb.
102370 | Depths:3 | Identified the +2 scale mail of Gopi {Int+4}
102667 | Depths:3 | Reached XP level 25. HP: 119/178 MP: 0/40
103189 | Depths:3 | Found a shattered altar of Ashenzari.
103270 | Depths:3 | Reached skill level 10 in Stealth
104212 | Depths:3 | Found an ancient bone altar of Kikubaaqudgha.
104473 | Depths:3 | Found a snail-covered altar of Cheibriados.
105378 | Depths:3 | Reached skill level 24 in Fighting
107330 | Depths:4 | Got a crude war axe
107331 | Depths:4 | Identified the +4 war axe "Elip" {chop, *Slow +Rage MR+
                  | Stlth+} (You found it on level 4 of the Depths)
107693 | Depths:4 | Noticed Jory
107708 | Depths:4 | Killed Jory
108246 | Depths:4 | Noticed the Enchantress
108430 | Depths:4 | Noticed a greater mummy
108446 | Depths:4 | Killed a greater mummy
108690 | Depths:4 | Identified the Guide on the Gliding Rocks
108769 | Depths:4 | Killed the Enchantress
109054 | Depths:5 | Entered Level 5 of the Depths
109304 | Depths:5 | Reached XP level 26. HP: 185/185 MP: 16/40
110719 | Depths:5 | Found a gateway to a ziggurat.
111087 | D:4      | Bought a ration for 50 gold pieces
111087 | D:4      | Bought a ration for 50 gold pieces
111087 | D:4      | Bought a ration for 50 gold pieces
111087 | D:4      | Bought a ration for 50 gold pieces
111087 | D:4      | Bought a ration for 50 gold pieces
111087 | D:4      | Bought a ration for 50 gold pieces
111087 | D:4      | Bought a ration for 50 gold pieces
111649 | Depths:5 | Reached skill level 15 in Stealth
112033 | Depths:5 | Paralysed by a floating eye for 4 turns
112333 | Depths:5 | Found a runed translucent gate.
112333 | Depths:5 | Found a runed translucent gate.
112335 | Depths:5 | Found a runed translucent gate.
112338 | Depths:5 | Identified the cursed +0 leather armour of the Ward {MR-
                  | Int+3 SInv}
112338 | Depths:5 | Noticed Polaczum's ghost (adept TrMo)
112340 | Depths:5 | Paralysed by a floating eye for 3 turns
112658 | Depths:5 | Found a gate to the Realm of Zot.
113446 | Vaults:5 | Entered Level 5 of the Vaults
113451 | Vaults:5 | Noticed an ancient lich
113474 | Vaults:5 | Killed an ancient lich
113497 | Vaults:5 | Noticed an ancient lich
113512 | Vaults:5 | Killed an ancient lich
113544 | Vaults:5 | Identified the +1 chain mail of Viank {rCorr Str+4}
113579 | Vaults:5 | Reached skill level 25 in Fighting
114076 | Vaults:5 | Identified the +5 scythe "Gasocwoco" {pain, SInv}
114934 | Vaults:5 | Reached XP level 27. HP: 177/195 MP: 29/40
114950 | Vaults:5 | Noticed a juggernaut
114950 | Vaults:5 | an iron giant changed into a juggernaut
114952 | Vaults:5 | a juggernaut changed into a shadow dragon
115206 | Vaults:5 | Reached skill level 26 in Fighting
115794 | Vaults:5 | Identified the Collected Works on Stones and Heat
116163 | Vaults:5 | Noticed Sojobo
116208 | Vaults:5 | Your ally died
116356 | Vaults:5 | Got a silver rune of Zot
117106 | Zot:1    | Entered Level 1 of the Realm of Zot
118254 | Zot:1    | Found a runed translucent door.
118396 | Zot:1    | Noticed Cyqimiab's ghost (legendary MfGl)
121151 | Zot:4    | Bought the +3 crown of Dyrovepreva {rElec Int+2 SInv} for
                  | 1614 gold pieces
121151 | Zot:4    | Found the +3 crown of Dyrovepreva {rElec Int+2 SInv}
121168 | Zot:5    | Entered Level 5 of the Realm of Zot
121551 | Zot:5    | Got a shimmering trident
121552 | Zot:5    | Identified the +11 trident of Floods {freeze, *Slow rN+
                  | Int+8 SInv} (You found it on level 5 of the Realm of Zot)
121570 | Zot:5    | Reached skill level 27 in Fighting
121599 | Zot:5    | Noticed an ancient lich
121604 | Zot:5    | Noticed an ancient lich
121608 | Zot:5    | Noticed an orb of fire
121634 | Zot:5    | Noticed an ancient lich
121635 | Zot:5    | Noticed an ancient lich
121635 | Zot:5    | Noticed an orb of fire
121636 | Zot:5    | Noticed an ancient lich
121636 | Zot:5    | Noticed an ancient lich
121641 | Zot:5    | Killed an ancient lich
121651 | Zot:5    | Killed an ancient lich
121657 | Zot:5    | Killed an orb of fire
121800 | Zot:5    | Noticed an ancient lich
121809 | Zot:5    | Noticed an orb of fire
121813 | Zot:5    | Noticed an ancient lich
121815 | Zot:5    | Killed an ancient lich
122253 | Zot:5    | Got the Orb of Zot
122721 | Depths:4 | Noticed a seraph
123159 | D:$      | Escaped with the Orb!

Levels and vault maps discovered:
D:1:      dpeg_arrival_short_road, layout_rooms
D:2:      layout_loops_ring, nicolae_ru_great_annihilating_truth,
          grunt_dithmenos_smoke_and_mirrors
D:3:      layout_loops_corners, first_ration, minmay_door_square, uniq_ijyb
D:4:      layout_basic, nicolae_gozag_cash_rules_everything_around_me,
          serial_shops, nicolae_shop_waterfront, gammafunk_ghost_necromancy
D:5:      layout_basic, chequers_temple_overflow_statue_of_worship,
          serial_shops, shop
D:6:      layout_rooms, kennysheep_mini, minmay_temple_entry_mist
D:7:      layout_cave_pools, vehumet_statue, gammafunk_ghost_stat_death,
          enter_bailey_8
D:8:      layout_loops_ring, david_lair_generic, serial_shops, shop
D:9:      layout_long_grid, uniq_harold
D:10:     layout_rooms, uniq_urug
D:11:     layout_cave_pools, orc_0_dummy, basic_altar,
          portal_ice_cave_entry_ice_beasts, gauntlet_entry_generic, the_bakery
D:12:     layout_long_grid, serial_shops, nicolae_shop_overgrown_old_shop,
          palyth_stone_intersect, minmay_hollow_rounded_squares, uniq_psyche
D:13:     layout_roguey
D:14:     layout_basic, grunt_vaults_entry_tiered, moated_statue,
          uniq_josephine, uniq_jorgrun
D:15:     grunt_enter_depths_giant_problem, layout_basic, minmay_crystal_room,
          nemelex_xobeh_ov_fountains_minmay, uniq_agnes
Temple:   eino_wide_crystal_templ
Lair:1:   beast_lair_carwin_large_4, layout_chaotic_city, guppyfry_lair_drakes
Lair:2:   layout_roguey, serial_forest, infiniplex_forest_lined_room_2,
          infiniplex_forest_zigzag_2, infiniplex_forest_clump_medium,
          infiniplex_forest_lined_1, infiniplex_forest_lined_room_2,
          infiniplex_forest_clump_small, infiniplex_forest_zigzag_1,
          minivault_27, st_stairs_8
Lair:3:   layout_gridlike, minmay_shoals_entry_centaurs,
          guppyfry_snake_entry_island, grunt_forest_large_clearings,
          serial_bayou_shore_b, lemuel_fruit_fields
Lair:4:   layout_regular_city, minmay_lair_oklob_chamber, grunt_megastairs_5
Lair:5:   layout_cave_pods, basic_altar
Lair:6:   gammafunk_lair_ancient_temple, layout_small_grid,
          nicolae_slime_entry_slimehenge, minivault_23,
          hangedman_lair_generics_rect, serial_bayou_shore_b
Shoals:1: layout_shoals
Shoals:2: layout_shoals, nicolae_island_escapes
Shoals:3: layout_shoals, uniq_ilsuiw
Shoals:4: shoals_end_hangedman, layout_shoals, shoals_ilsuiw_ice, serial_shops,
          shop_coins
Snake:1:  layout_rooms
Snake:2:  layout_misc_corridors, evilmike_ambush [evilmike_ambush_outer_doors,
          evilmike_ambush_inner_basic], lemuel_fruit_tree
Snake:3:  layout_gridlike, drop_trap
Snake:4:  grunt_snake_rune_pools, layout_rooms, serial_shops, shop_statue,
          serial_bayou_shore_a
Orc:1:    layout_caves, serial_shops, shop, nicolae_orc_bridge_out
Orc:2:    pf_orc_diabolical, layout_diamond_mine, uniq_saint_roka, uniq_nessos,
          uniq_rupert
Elf:1:    elf_arrival_001, layout_geoelf_diagonals, basic_altar, minivault_28,
          uniq_asterion
Elf:2:    layout_onion_city, serial_shops, nicolae_shop_statue_plus, uniq_nikola
Elf:3:    minmay_elf_hall, layout_geoelf_octagon, serial_shops, shop
Vaults:1: nicolae_vaults_network_barrier, st_octagons_2,
          vaults_room_grunt_arrival_ludios, v_alt_pattern_3, v_misc_30,
          nicolae_vaults_what_the_h, ontoclasm_vaults_hangar,
          nicolae_vaults_sealed_display, vaults_room_boxed, vaults_dpeg_doors,
          vaults_dpeg_ring, layout_vaults_omnicross, uniq_aizul
Vaults:2: vaults_room_grid, ontoclasm_vaults_ring_small,
          minmay_crypt_entry_simple_round, v_rooms_5,
          nicolae_vaults_network_square, nicolae_vaults_windows_and_doors_thing,
          nicolae_vaults_angled_halls, ontoclasm_vaults_shout,
          layout_vaults_quadrants, serial_shops, shop
Vaults:3: dpeg_vaults_monster_row, hangedman_vaults_nodes,
          vaults_room_door_hall, v_pattern_1, vaults_room_fours,
          nicolae_vaults_ring_of_whatevers, layout_vaults_chaotic_city
Vaults:4: nicolae_vaults_puzzle_piece, hangedman_vaults_locks,
          ontoclasm_vaults_ring_square, special_room_vaults [special_room_orc],
          vaults_mumra_hex, ontoclasm_vaults_eye, nicolae_vaults_circle_grid_a,
          nicolae_vaults_border_crossing, nicolae_vaults_network_s,
          layout_vaults_ring, serial_shops, nicolae_shop_behind_doors,
          shop_fountains, shop
Vaults:5: uniq_sojobo
Crypt:1:  layout_chaotic_city, lemuel_statue_altar, grunt_crypt_arrival_webbed,
          uniq_mennas
Crypt:2:  layout_gridlike, nicolae_crypt_stairs_room
Crypt:3:  quadcrypt_mu
Depths:1: minmay_the_grid_octo_tiled_squarecenter_mashed
          [minmay_the_grid_octo_toaster, minmay_the_grid_octo_pinwheel,
          minmay_the_grid_octo_odd_swirl, minmay_the_grid_octo_77,
          minmay_the_grid_square_5x5_megaprize_diamond,
          minmay_the_grid_square_5x5_hourglass,
          minmay_the_grid_square_5x5_beaten_path,
          minmay_the_grid_square_5x5_shrine2,
          minmay_the_grid_square_5x5_minibox], layout_cave_pools,
          grunt_pan_entry_in_and_out, kennysheep_crisscross, hell_entry,
          hangedman_abyss_entry_splay, serial_column_ruins,
          column_ruins_portal_hut, column_ruins_hut_ruined,
          column_ruins_hut_pillars, column_ruins_columns_straight,
          column_ruins_columns_corner, column_ruins_grid_4,
          column_ruins_open_small, kennysheep_generic_room_14
Depths:2: minmay_two_paths, layout_cave_shapes, serial_bayou_pond_e,
          grunt_mini_vestibule, abyss_entry_small_statue_room,
          infiniplex_staircase_zigzag_5, serial_bayou_shore_b, firewood_loft
Depths:3: grunt_profane_halls [grunt_profane_temple_dis,
          grunt_profane_temple_tar, grunt_profane_temple_coc,
          grunt_profane_temple_geh, grunt_profane_loot], pan_entry, hell_entry
Depths:4: lemuel_minitomb, layout_cave_pools, grunt_hell_entry_dis_grunt,
          columned_hall_lemuel, abyss_entry, rand_demon_pan_entry_3, uniq_jory,
          uniq_enchantress
Depths:5: evilmike_zot_entry_diamond, layout_gridlike, enter_ziggurat_c,
          hangedman_tar_grid_catacomb, biasface_ghost_demon_polymorph,
          serial_rivers, chequers_serial_rivers_micro_c,
          chequers_serial_rivers_micro_e, chequers_serial_rivers_micro_d,
          chequers_serial_rivers_large_b, chequers_serial_rivers_small_3,
          abyss_entry
Zot:1:    layout_basic, ebering_ghost_reflecting_pool
Zot:2:    layout_basic, st_stairs_4
Zot:3:    layout_concentric_octagons
Zot:4:    gammafunk_mikee_crab_dinner, layout_gridlike, lemuel_elevator
Zot:5:    layout_cathedral_of_symmetry

Skill      XL: |  1  2  3  4  5  6  7  8  9 10 11 12 13 14 15 16 17 18 19 20 21 22 23 24 25 26 27 |
---------------+----------------------------------------------------------------------------------+-----
Earth Magic    | 4 5 6 7 8 9 10 11 12 | 12.0
Fighting       | 1 2 3 4 5 7 9 11 13 14 15 16 18 19 20 21 22 23 24 25 27 | 27.0
Conjurations   | 1 2 3 4 5 6 8 9 10 12 13 15 17 18 | 18.0
Spellcasting   | 3 4 5 6 8 10 11 12 14 15 16 17 18 | 18.0
Shields        | 3 4 7 11 14 15 17 18 19 20 21 22 23 25 | 25.0
Hexes          | 4 5 |  5.0
Summonings     | 4 5 7 8 10 | 10.0
Necromancy     | 2 5 |  5.0
Stealth        | 9 14 16 20 | 20.5
Dodging        | |  1.5
Transmutations | |  0.7

Action                   |  1- 3 |  4- 6 |  7- 9 | 10-12 | 13-15 | 16-18 | 19-21 | 22-24 | 25-27 || total
-------------------------+-------+-------+-------+-------+-------+-------+-------+-------+-------++-------
Melee: Unarmed           |    13 |       |       |       |     2 |       |       |       |       ||    15
       Dagger            |    28 |    56 |    46 |   127 |   306 |     8 |       |       |       ||   571
       Mace              |       |       |    63 |   211 |       |       |       |       |       ||   274
       Staff             |       |       |       |       |    67 |   296 |   724 |   747 |   836 ||  2670
       Demon trident     |       |       |       |       |       |       |    85 |       |       ||    85
Throw: Throwing net      |       |       |       |       |       |       |       |       |     1 ||     1
 Cast: Sandblast         |    37 |    50 |    20 |    32 |   167 |   101 |       |       |       ||   407
       Stone Arrow       |       |    32 |   104 |   227 |   815 |  1516 |   265 |     6 |       ||  2965
       Lee's Rapid Decon |       |       |       |    38 |    50 |     8 |       |     8 |     6 ||   110
       Blink             |       |       |       |     2 |     2 |     7 |     1 |     3 |     9 ||    24
       Petrify           |       |       |       |     2 |     1 |     1 |       |       |       ||     4
       Summon Mana Viper |       |       |       |       |     1 |     9 |    10 |    22 |    14 ||    56
       Iron Shot         |       |       |       |       |       |    21 |   342 |   707 |   487 ||  1557
       Borgnjor's Vile C |       |       |       |       |       |     4 |   106 |   134 |   170 ||   414
       Regeneration      |       |       |       |       |       |     2 |       |       |     6 ||     8
       Spellforged Servi |       |       |       |       |       |       |     5 |    41 |    32 ||    78
       Orb of Destructio |       |       |       |       |       |       |       |    23 |    25 ||    48
Invok: Reject Sacrifices |       |     1 |       |       |       |       |       |       |       ||     1
       Potion Petition   |       |       |       |       |       |       |       |     1 |       ||     1
       Bribe Branch      |       |       |       |       |       |       |       |       |     8 ||     8
       Call Merchant     |       |       |       |       |       |       |       |       |     3 ||     3
 Abil: Fly               |       |       |       |       |     2 |     3 |     1 |       |     1 ||     7
       Stop Flying       |       |       |       |       |     1 |     4 |       |     1 |     1 ||     7
Evoke: Wand              |       |       |    10 |     8 |     6 |    15 |     1 |     5 |     7 ||    52
       Lightning rod     |       |       |       |     6 |       |     9 |     8 |       |    11 ||    34
       Lamp of fire      |       |       |       |       |       |       |     1 |       |     2 ||     3
  Use: Potion            |       |     2 |     5 |     3 |     1 |     2 |       |     3 |    12 ||    28
       Scroll            |       |       |     6 |     1 |    13 |     9 |    19 |    10 |    19 ||    77
 Stab: Sleeping          |     2 |       |     2 |     2 |     1 |       |       |       |     2 ||     9
       Petrified         |       |       |       |    10 |       |     8 |       |       |     2 ||    20
       Distracted        |       |       |       |       |     3 |     1 |     4 |     9 |    19 ||    36
       Confused          |       |       |       |       |     2 |       |       |       |       ||     2
       Petrifying        |       |       |       |       |       |       |       |       |     2 ||     2
  Eat: Chunk             |     1 |    10 |     8 |       |       |       |       |       |       ||    19
       Ration            |       |       |     5 |    12 |    19 |    24 |    17 |    23 |    20 ||   120
Armor: Robe              |    11 |    25 |    66 |   183 |   334 |   436 |   409 |   475 |   419 ||  2358
Dodge: Dodged            |    40 |    48 |   131 |   281 |   279 |   342 |   332 |   374 |   283 ||  2110
Block: Buckler           |       |       |     3 |   311 |   132 |       |       |       |       ||   446
       Reflection        |       |       |       |    15 |    38 |   199 |    84 |    99 |    67 ||   502
       Shield            |       |       |       |       |   840 |  1474 |  1220 |  1261 |       ||  4795
       Large shield      |       |       |       |       |       |       |       |   202 |  1931 ||  2133
